 Dungeon Crawl Stone Soup version 0.31-a0-259-g771a54ca4b (webtiles) character file.

Game seed: 7528262431183579882

1 qw the Vexing (level 1, -6/12 HPs)
             Began as a Gargoyle Hexslinger on July 13, 2023.
             Mangled by a worm (9 damage)
             ... on level 1 of the Dungeon.
             The game lasted 00:00:02 (54 turns).

qw the Vexing (Gargoyle Hexslinger)                   Turns: 54, Time: 00:00:02

Health: -6/12      AC:  4    Str: 11    XL:     1   Next: 20%
Magic:  2/2        EV: 12    Int: 13    God:
Gold:   5          SH:  0    Dex: 12    Spells: 1/2 levels left

rFire   . . .        a - +1 sling
rCold   . . .        (no shield)
rNeg    + . .        c - +0 robe
rPois   inf          (no helmet)
rElec   +            (no cloak)
rCorr   .            (no gloves)
SInv    .            (no boots)
Will    .....        (no amulet)
Stlth   +            (no ring)
HPRegen 0.22/turn    (no ring)
MPRegen 0.08/turn

%: no passive effects
@: no status effects
A: sickness immunity, AC +2, negative energy resistance 1, electricity
resistance, torment resistance 1, petrification resistance
a: no special abilities


You were on level 1 of the Dungeon.
You visited 1 branch of the dungeon, and saw 1 of its levels.

You collected 5 gold pieces.


Innate Abilities, Weirdness & Mutations

You are immune to sickness and miasma.
Your stone body is resilient. (AC +2)
You are immune to poison.
You resist negative energy. (rN+)
You are resistant to electric shocks. (rElec)
You are resistant to unholy torment.
You are immune to petrification.


   Skills:
 - Level 1.1 Fighting
 + Level 2.1 Ranged Weapons
 - Level 1.5 Dodging
 - Level 1.0 Spellcasting
 - Level 2.6 Hexes


You had one spell level left.
You knew the following spells:

 Your Spells              Type           Power      Damage    Failure   Level
a - Slow                  Hex            28%        N/A       10%         1

Your spell library contained the following spells:

 Spells                   Type           Power      Damage    Failure   Level
 Inner Flame              Hex/Fire       4%         N/A       43%         3
 Portal Projectile        Hex/Tloc       8%         N/A       43%         3
 Cause Fear               Hex            3%         N/A       67%         4

Inventory:

Hand Weapons
 a - a +1 sling (weapon)
Armour
 c - a +0 robe (worn)
 d - a +0 leather armour
Scrolls
 b - a scroll of poison
 e - a scroll of amnesia {unknown}

Dungeon Overview and Level Annotations

Branches:
Dungeon (1/15)

Altars:


Message History

Found a scroll labelled REOMNU BAUXZI.
You shoot a sling bullet. The sling bullet hits the quokka.
You kill the quokka!
You now have 5 gold pieces.
e - a scroll labelled REOMNU BAUXZI A worm comes into view.
Found 2 poisoned darts.
Found a stone staircase leading down.
Enter note: You shoot a sling bullet.
The sling bullet hits the worm.
The worm is moderately wounded.
You shoot a sling bullet.
The sling bullet completely misses the worm.
A worm comes into view.
Found 13 gold pieces.
Enter note: You shoot a sling bullet.
The sling bullet hits the worm.
The worm is heavily wounded.
You shoot a sling bullet. The sling bullet hits the worm.
The worm is severely wounded.
The worm bites you but does no damage.
You shoot a sling bullet. The sling bullet hits the worm.
The worm is almost dead.
The worm bites you!
Ouch! That really hurt!
You shoot a sling bullet.
The sling bullet barely misses the worm.
You shoot a sling bullet.
The sling bullet hits the worm but does no damage.
The worm is almost dead.
The worm barely misses you.
You shoot a sling bullet.
The sling bullet hits the worm but does no damage.
The worm is severely wounded.
The worm closely misses you.
You shoot a sling bullet.
The sling bullet hits the worm but does no damage.
The worm is severely wounded.
The worm bites you!
Ouch! That really hurt!
You die...

...#.....>...##
........^.....#
#.............# #..
$^^w.^...# # ##..#
.......# . ...# .....#
#.####w.####
#.....@....#
#..###.....# # #..#
#.....# ### #..###.....#
..#########............
.............#.......#(.
............##.#.....# .
#.(...............####
#.....##........###


You could see 2 worms.

Vanquished Creatures
  A quokka (D:1)
1 creature vanquished.

Notes
Turn   | Place    | Note
-------+----------+-------------------------------------------
     0 | D:1      | qw the Gargoyle Hexslinger began the quest for the Orb.
     0 | D:1      | Reached XP level 1. HP: 12/12 MP: 2/2
     0 | D:1      | 0 ||| qw: Version: 0.3-a-52-g30416fa
     0 | D:1      | 0 ||| qw: Game counter: 6852
     0 | D:1      | 0 ||| qw: Melee chars always use a shield: true
     0 | D:1      | 0 ||| qw: God list: Okawaru
     0 | D:1      | 0 ||| qw: Allow faded altars: false
     0 | D:1      | 0 ||| qw: Do Orc after clearing Dungeon:15 true
     0 | D:1      | 0 ||| qw: Do second Lair branch before Depths: true
     0 | D:1      | 0 ||| qw: Lair rune preference: random
     0 | D:1      | 0 ||| qw: Goals: Normal
     0 | D:1      | 0 ||| PLANNING D:1-11
    50 | D:1      | HP: 2/12 [worm (10)]
    54 | D:1      | Mangled by a worm

Levels and vault maps discovered:
D:1:      evilmike_arrival_crescent, layout_rooms, serial_shops,
          nicolae_shop_window_shopping, nicolae_wormholes

Action                     || total
---------------------------++-------
   Fire: Sling             ||    10
 Armour: Robe              ||     1
  Dodge: Dodged            ||     2

Table legend:
 A = Non-vault XP
 B = Vault XP
 C = Vault XP percentage of total XP
 D = Non-vault monster count
 E = Vault monster count
 F = Vault count percentage of total count
                 A         B        C        D         E       F
            +---------+---------+-------+---------+---------+-------
      Total |       2 |       0 |   0.0 |       1 |       0 |   0.0
            +---------+---------+-------+---------+---------+-------
        D:1 |       2 |       0 |   0.0 |       1 |       0 |   0.0
            +---------+---------+-------+---------+---------+-------
